 Dungeon Crawl Stone Soup version 0.28.0-43-g3370ac3207 (webtiles) character file.

Game seed: 3349228469490212053

86 mcbry74 the Insei (level 4, 0/32 HPs)
             Began as a Merfolk Transmuter on Mar 11, 2022.
             Slain by an orc
             ... wielding a +0 trident
              (9 damage)
             ... on level 2 of the Dungeon.
             The game lasted 00:06:48 (2236 turns).

mcbry74 the Insei (Merfolk Transmuter)              Turns: 2236, Time: 00:06:49

Health: 0/32       AC:  3    Str: 10    XL:     4   Next: 49%
Magic:  7/7        EV: 13    Int: 12    God:
Gold:   55         SH:  0    Dex: 16    Spells: 4/7 levels left

rFire   . . .      SeeInvis .     - Unarmed
rCold   . . .      Faith    .   (no shield)
rNeg    . . .      Spirit   .   a - +0 robe
rPois   .          Reflect  .   (no helmet)
rElec   .          Harm     .   (no cloak)
rCorr   .          Rampage  .   (no gloves)
Will    .....                   g - +0 pair of boots
Stlth   +.........              (no amulet)
HPRegen 0.10/turn               (no ring)
MPRegen 0.10/turn               (no ring)

@: no status effects
A: (nimble swimmer 2), mertail
a: no special abilities


You were on level 2 of the Dungeon.
You visited 1 branch of the dungeon, and saw 3 of its levels.

You collected 55 gold pieces.

Inventory:

Missiles
 c - 10 sling bullets
 e - 18 stones
 f - 5 poisoned darts
 k - 2 boomerangs
Armour
 a - a +0 robe (worn)
 g - a +0 pair of boots (worn)
Jewellery
 i - an amulet of faith
Wands
 d - a wand of flame (30)
Scrolls
 b - 3 scrolls of teleportation {unknown}
 h - 2 scrolls of identify {unknown}
Potions
 j - a potion of curing {unknown}


   Skills:
 - Level 1.1 Fighting
 - Level 2.6 Dodging
 + Level 5.6 Unarmed Combat
 - Level 2.0 Spellcasting
 - Level 2.6 Transmutations


You had 4 spell levels left.
You knew the following spells:

 Your Spells              Type           Power      Damage    Failure   Level
a - Beastly Appendage     Tmut           14%        N/A       9%          1
b - Wereblood             Tmut           7%         N/A       14%         2

Your spell library contained the following spells:

 Spells                   Type           Power      Damage    Failure   Level
 Spider Form              Tmut/Pois      4%         N/A       43%         3
 Ice Form                 Ice/Tmut       4%         N/A       83%         4


Dungeon Overview and Level Annotations

Branches:
Dungeon (3/15)

Altars:


Innate Abilities, Weirdness & Mutations

((You are very nimble when in or above water. (Stealth+, EV+, Speed+++)))
Your lower body shifts to a powerful aquatic tail in water.


Message History

2 orcs come into view.
Found 13 gold pieces.
The orc shouts!
You hear a shout!
The orc shouts!
You see here 12 gold pieces.
You now have 55 gold pieces (gained 12).
An orc comes into view. It is wielding a +0 whip.
There is a stone staircase leading up here.
The orc closely misses you.
There is a stone staircase leading up here.
The orc hits you with a +0 whip. The orc hits you with a +0 trident!
You climb upwards.
There is a stone staircase leading down here.
You hit the orc.
The orc is lightly wounded.
The orc hits you with a +0 whip. The orc barely misses you.
You barely miss the orc.
The orc is lightly wounded.
The orc barely misses you.
You closely miss the orc.
The orc is lightly wounded.
The orc hits you with a +0 trident! The orc hits you but does no damage.
You punch the orc!
You kill the orc!
The orc hits you with a +0 trident.
You hit the orc.
The orc is heavily wounded.
The orc closely misses you.
You barely miss the orc.
The orc is heavily wounded.
The orc closely misses you.
You closely miss the orc.
The orc is heavily wounded.
The orc hits you with a +0 trident.
* * * LOW HITPOINT WARNING * * *
You hit the orc.
The orc is almost dead.
The orc hits you with a +0 trident.
* * * LOW HITPOINT WARNING * * *
The orc hits you from afar with a +0 trident!
You die...

#.# #.# # #.# #.# # #.#
#.# # #.# #.#
############.####.######
<......................#
#########....####.####.#
#.#### #..# #.# #.# #@##
#.# #.# #># #.# #.# #o#
#.# ### #.# #.# #.#
##.####.######.#####.#
#....................#
#..#######......#######
#..# #............#
#..## #......#####.#


You could see an orc.

Vanquished Creatures
  4 adders (D:2)
  A worm (D:2)
  A dart slug (D:2)
  An orc (D:2)
  5 bats
  7 endoplasms
  3 giant cockroaches
  A goblin (D:1)
  4 hobgoblins
  2 jackals (D:2)
  4 kobolds
  A quokka (D:1)
  3 ball pythons (D:2)
  2 frilled lizards (D:1)
  4 rats
43 creatures vanquished.

Notes
Turn   | Place    | Note
-------+----------+-------------------------------------------
     0 | D:1      | mcbry74 the Merfolk Transmuter began the quest for the Orb.
     0 | D:1      | Reached XP level 1. HP: 15/15 MP: 3/3
   118 | D:1      | Noticed a floating eye
   119 | D:1      | Found a faded altar of an unknown god.
   125 | D:1      | Noticed a floating eye
   129 | D:1      | Noticed a golden eye
   129 | D:1      | Noticed a golden eye
   142 | D:1      | Reached XP level 2. HP: 16/21 MP: 5/5
   229 | D:1      | Reached skill level 4 in Unarmed Combat
   729 | D:1      | Reached XP level 3. HP: 26/26 MP: 6/6
   854 | D:2      | HP: 1/26 [poisoned by an adder]
  1282 | D:2      | Reached skill level 5 in Unarmed Combat
  1668 | D:2      | Reached XP level 4. HP: 22/32 MP: 7/7
  1807 | D:2      | Learned a level 2 spell: Wereblood
  2236 | D:2      | Slain by an orc

Illustrated notes

Levels and vault maps discovered:
D:1:      lemuel_arrival_muddy, layout_loops_cross,
          hellmonk_ecumenical_altar_watching_god
D:2:      layout_loops_ring, minmay_pentomino_u2
D:3:      layout_loops_ring, roderic_serpentine_path

Skill      XL: |  1  2  3 |
---------------+----------+-----
Unarmed Combat | 4 5 |  5.6
Fighting       | |  1.1
Dodging        | |  2.6
Spellcasting   | |  2.0
Transmutations | |  2.6

Action                   |  1- 3 |  4- 6 || total
-------------------------+-------+-------++-------
Melee: Unarmed           |   106 |    35 ||   141
       Headbutt          |     5 |     2 ||     7
       Punch             |     1 |       ||     1
 Cast: Beastly Appendage |     3 |     2 ||     5
  Use: Potion            |     1 |       ||     1
 Stab: Sleeping          |     5 |       ||     5
Armor: Robe              |    31 |     5 ||    36
Dodge: Dodged            |    72 |    23 ||    95
